 Dungeon Crawl Stone Soup version 0.22-a0-429-g97ce8ef721 (webtiles) character file.

48 Banto the Sneak (level 3, -1/21 HPs)
             Began as an Octopode Earth Elementalist on May 25, 2018.
             Slain by an adder (2 damage)
             ... on level 2 of the Dungeon.
             The game lasted 00:01:10 (1033 turns).

Banto the Sneak (Octopode Earth Elementalist)       Turns: 1033, Time: 00:01:11

Health: -1/21      AC:  1    Str:  7    XL:     3   Next: 72%
Magic:  5/6        EV: 13    Int: 18    God:
Gold:   41         SH:  0    Dex: 12    Spells: 3/6 levels left

rFire    . . .     SeeInvis .   l - +0 short sword
rCold    . . .     Gourm    .   (no shield)
rNeg     . . .     Faith    .   (helmet restricted)
rPois    .         Spirit   .   (no amulet)
rElec    .         Reflect  .   (no ring)
rCorr    .         Harm     .   (no ring)
MR       .....                  (no ring)
Stlth    +++++.....             (no ring)
HPRegen  0.07/turn              (no ring)
MPRegen  0.10/turn              (no ring)
                                (no ring)
                                (no ring)

@: no status effects
A: almost no armour, stealthy swim, amphibious, 8 rings, constrict 8, camouflage
1, gelatinous body 1
a: no special abilities


You were on level 2 of the Dungeon.
You were hungry.

You visited 1 branch of the dungeon, and saw 2 of its levels.

You collected 41 gold pieces.

Inventory:

Hand Weapons
 l - a +0 short sword (weapon)
Missiles
 b - 127 stones (quivered)
Potions
 d - 2 potions of might
 e - a potion of heal wounds {unknown}
 g - a potion of curing {unknown}
 m - a potion of lignification {unknown}
Comestibles
 a - 3 chunks of flesh
 c - 4 rations


   Skills:
 - Level 2.0 Dodging
 + Level 4.4 Stealth
 - Level 2.0 Spellcasting
 - Level 1.0 Transmutations
 + Level 3.8 Earth Magic


You had 3 spell levels left.
You knew the following spells:

 Your Spells              Type           Power        Failure   Level  Hunger
a - Sandblast             Erth           ###...       3%          1    #......
b - Passwall              Tmut/Erth      ##......     10%         2    ###....

Your spell library contained the following spells:

 Spells                   Type           Power        Failure   Level  Hunger
 Stone Arrow              Conj/Erth      #.....       24%         3    ###....
 Lee's Rapid Deconstruct  Erth           ###.......   71%         5    ######.
 Petrify                  Tmut/Erth      ##......     54%         4    #####..


Dungeon Overview and Level Annotations

Branches:
Dungeon (2/15)

Altars:


Innate Abilities, Weirdness & Mutations

You cannot wear most types of armour.
You are very stealthy in the water. (Stealth+)
You are amphibious.
You can wear up to eight rings at the same time.
You can use your tentacles to constrict eight enemies at once.
Your skin changes colour to match your surroundings (Stealth+).
Your rubbery body absorbs attacks. (AC +1, EV +1)


Message History

You take 4 damage, and have 7/21 hp.
The adder barely misses you. The adder closely misses you.
The goblin wields an uncursed hunting sling.
The goblin shoots a stone.
The stone hits you.
* * * LOW HITPOINT WARNING * * *
You hear a splash.
You see here a stone.
You take 6 damage, and have 1/21 hp.
MASSIVE DAMAGE!!
Casting: Sandblast (safe; 3% risk of failure)
Confirm with . or Enter, or press ? or * to list all spells.
Aiming: Sandblast (safe; 3% risk of failure)
Press: ? - help, Shift-Dir - straight line, f - adder
Aim: an adder (water)
The blast of sand hits the adder.
The adder is heavily wounded.
b - 127 stones You are feeling hungry.
The adder bites you.
You die...

. #..........#.#
....####.########.#.#
..................#.#
+###.###'#######..#.#
≈.≈≈≈≈..≈..≈≈##^.#.#
≈...≈≈≈≈≈.≈..##..#.#
≈.≈≈≈≈≈≈g≈≈≈≈##...<#
.≈≈≈≈≈≈≈S≈g!.###.#.#
.≈≈≈≈≈≈@≈≈≈...##.#.#
..≈≈≈≈..≈≈≈...##.#.#
≈≈≈≈≈♣_≈≈≈≈...##...#
≈≈≈≈≈≈≈≈≈≈≈.≈.######
≈.≈≈≈≈≈≈≈≈≈≈.... ..
≈≈≈≈≈≈≈≈≈..## .
≈≈≈≈≈≈≈≈≈≈..#
≈≈≈.≈≈..≈≈.≈.#


You could see an adder, a hobgoblin and a goblin.

Vanquished Creatures
  3 adders (D:2)
  A dart slug (D:1)
  A leopard gecko (D:2)
  A ball python (D:2)
  3 bats
  A giant cockroach (D:1)
  A goblin (D:2)
  4 kobolds
  A frilled lizard (D:1)
  4 rats
20 creatures vanquished.

Notes
Turn   | Place    | Note
-------+----------+-------------------------------------------
     0 | D:1      | Banto the Octopode Earth Elementalist began the quest for the Orb.
     0 | D:1      | Reached XP level 1. HP: 11/11 MP: 3/3
    32 | D:1      | Reached skill level 3 in Stealth
   311 | D:1      | Reached XP level 2. HP: 17/17 MP: 5/5
   639 | D:2      | Learned a level 2 spell: Passwall
   751 | D:2      | Reached skill level 4 in Stealth
   751 | D:2      | Reached XP level 3. HP: 6/21 MP: 0/6
  1025 | D:2      | Found a faded altar of an unknown god.
  1032 | D:2      | HP: 1/21 [goblin/stone (6)]
  1033 | D:2      | Slain by an adder

Vault maps used:
D:1:      dpeg_arrival_pits
D:2:      chequers_ecumenical_altar_island, first_ration

Skill      XL: |  1  2 |
---------------+-------+-----
Stealth        | 3 4 |  4.4
Dodging        | |  2.0
Spellcasting   | |  2.0
Transmutations | |  1.0
Earth Magic    | |  3.8

Action                   || total
-------------------------++-------
Melee: Unarmed           ||    29
       Constrict         ||    15
       Tentacles         ||     5
       Short sword       ||    12
 Cast: Sandblast         ||     7
       Passwall          ||     1
  Use: Scroll            ||     4
 Stab: Sleeping          ||     7
Armor: Skin              ||     7
Dodge: Dodged            ||    35

Table legend:
 A = Spawn XP
 B = Non-spawn XP
 C = Spawn XP percentage of total XP
 D = Spawn monster count
 E = Non-spawn monster count
 F = Spawn count percentage of total count
 G = Total turns spent on level
                    A         B        C        D         E        F      G
               +---------+---------+-------+---------+---------+-------+---------
         Total |       0 |      69 |   0.0 |       0 |      20 |   0.0 |  1033
               +---------+---------+-------+---------+---------+-------+---------
           D:1 |       0 |      15 |   0.0 |       0 |       9 |   0.0 |   611
           D:2 |       0 |      54 |   0.0 |       0 |      11 |   0.0 |   422
               +---------+---------+-------+---------+---------+-------+---------

Table legend:
 A = Turns spent in this place as a percentage of turns spent in the entire game.
 B = Non-inter-level travel turns spent in this place as a percentage of non-inter-level travel turns spent in the entire game.
 C = Inter-level travel turns spent in this place as a percentage of turns spent in this place.
 D = Turns resting spent in this place as a percentage of non-inter-level travel turns spent in this place.
 E = Turns spent auto-exploring this place as a percentage of non-inter-level travel turns spent in this place.
 F = Non-inter-level travel turns spent in this place divided by the number of levels of this place that you've seen.
                   A       B       C       D       E      F
               +-------+-------+-------+-------+-------+----------------------
         Total | 100.0 | 100.0 |   2.5 |  22.8 |  57.1 | 503.5
       Dungeon | 100.0 | 100.0 |   2.5 |  22.8 |  57.1 | 503.5
               +-------+-------+-------+-------+-------+----------------------

Table legend:
 A = Kills in this place as a percentage of kills in entire the game.
 B = Kills by you in this place as a percentage of kills by you in the entire game.
 C = Kills by friends in this place as a percentage of kills by friends in the entire game.
 D = Other kills in this place as a percentage of other kills in the entire game.
 E = Experience gained in this place as a percentage of experience gained in the entire game.
 F = Experience gained in this place divided by the number of levels of this place that you have seen.
                   A       B       C       D       E      F
               +-------+-------+-------+-------+-------+----------------------
         Total | 100.0 | 100.0 |   N/A |   N/A | 100.0 |  34.5
       Dungeon | 100.0 | 100.0 |   N/A |   N/A | 100.0 |  34.5
               +-------+-------+-------+-------+-------+----------------------
